 Dungeon Crawl Stone Soup version 0.19.0-20-gbc5f0c6 (webtiles) character file.

17791 Lochraine the Destroyer (level 12, -2/89 HPs)
             Began as a Human Wanderer on Nov 16, 2016.
             Was an Elder of Nemelex Xobeh.
             Slain by an eight-headed hydra (5 damage)
             ... on level 5 of the Lair of Beasts on Nov 17, 2016.
             The game lasted 01:09:56 (17856 turns).

Lochraine the Destroyer (Human Wanderer)           Turns: 17856, Time: 01:09:57

Health: -2/89      AC: 10    Str: 11    XL:     12   Next: 87%
Magic:  32/32      EV:  2    Int: 16    God:    Nemelex Xobeh [****..]
Gold:   455        SH:  0    Dex: 22    Spells: 6 memorised, 7 levels left

rFire  + . .     SeeInvis .     w - +1 double sword (holy)
rCold  . . .     Gourm    .     Q - +2 robe {rC+}
rNeg   + + +     Faith    .     (no shield)
rPois  ∞         Spirit   .     (helmet restricted)
rElec  +         Reflect  .     i - +2 cloak
rCorr  .         Harm     .     (no gloves)
MR     +....                    g - +1 pair of boots
Stlth  ++........               T - amulet of magic regeneration
                                P - ring of Perfectionism {Fire rElec Str-2 Dex+8}
                                r - ring of magical power

@: petrified
A: horns 1, yellow scales 1, deformed body, deterioration 1, magic resistance 1
a: Triple Draw, Deal Four, Renounce Religion


You were on level 5 of the Lair of Beasts.
You worshipped Nemelex Xobeh.
Nemelex Xobeh was greatly pleased with you.
You were not hungry.

You visited 2 branches of the dungeon, and saw 14 of its levels.

You collected 774 gold pieces.
You spent 319 gold pieces at shops.

Inventory:

Hand Weapons
 a - a +1 falchion of freezing
 w - a +1 double sword of holy wrath (weapon)
Armour
 g - a +1 pair of boots (worn)
 i - a +2 cloak (worn)
 D - the +4 leather armour of the Kettle-Drum {rN+++ Regen+ Int-2 Dex+2}
   (You found it on level 4 of the Dungeon)

   It affects your intelligence (-2).
   It affects your dexterity (+2).
   It renders you almost immune to negative energy.
   It increases your rate of regeneration.
 J - the +0 Maxwell's etheric cage {RegenMP+ *Contam rElec MP+4}
   (You bought it in a shop on level 5 of the Dungeon)

   It insulates you from electricity.
   It affects your magic capacity (+4).
   It causes magical contamination when unequipped.
 O - a +0 buckler
 Q - a +2 robe of cold resistance (worn)
Jewellery
 r - a ring of magical power (left hand)
 P - the ring of Perfectionism (right hand) {Fire rElec Str-2 Dex+8}
   (You found it on level 7 of the Dungeon)

   [ring of fire]

   It enhances your fire magic.
   It affects your strength (-2).
   It affects your dexterity (+8).
   It protects you from fire.
   It makes you vulnerable to cold.
   It insulates you from electricity.
 T - an amulet of magic regeneration (around neck)
Wands
 l - a wand of confusion (26/48)
 v - a wand of flame (19/48)
 C - a wand of confusion (48/48)
 E - a wand of lightning (10/15)
 S - a wand of random effects (25/48)
 U - a wand of lightning (5/15)
 W - a wand of slowing (34/48)
Scrolls
 e - a scroll of teleportation
 j - 4 scrolls of amnesia
 o - 3 scrolls of enchant weapon
 q - 4 scrolls of identify
 x - a scroll of recharging
 z - a scroll of enchant armour
 I - a scroll of remove curse
 N - 2 scrolls of magic mapping
Potions
 b - a potion of curing
 c - a potion of ambrosia {unknown}
 k - a potion of might
 p - a potion of agility
 s - 2 potions of resistance
 M - 2 potions of cure mutation
Books
 h - a book of Conjurations

   Spells                             Type                      Level
   a - Magic Dart                     Conjuration                  1
   b - Searing Ray                    Conjuration                  2
   c - Dazzling Spray                 Conjuration/Hexes            3
   d - Fulminant Prism                Conjuration/Hexes            4
   e - Iskenderun's Mystic Blast      Conjuration                  4
   f - Iskenderun's Battlesphere      Conjuration/Charms           5
 t - a book of Power

   Spells                             Type                      Level
   a - Fulminant Prism                Conjuration/Hexes            4
   b - Iskenderun's Mystic Blast      Conjuration                  4
   c - Venom Bolt                     Conjuration/Poison           5
   d - Bolt of Magma                  Conjuration/Fire/Earth       5
   e - Iron Shot                      Conjuration/Earth            6
   f - Orb of Destruction             Conjuration                  7
   g - Spellforged Servitor           Conjuration/Summoning        7
 H - a book of Callings

   Spells                             Type                      Level
   a - Summon Small Mammal            Summoning                    1
   b - Call Imp                       Summoning                    2
   c - Call Canine Familiar           Summoning                    3
   d - Summon Guardian Golem          Hexes/Summoning              3
   e - Summon Lightning Spire         Summoning/Air                4
   f - Summon Ice Beast               Ice/Summoning                4
 V - a book of Misfortune

   Spells                             Type                      Level
   a - Confusing Touch                Hexes                        1
   b - Confuse                        Hexes                        3
   c - Gell's Gravitas                Hexes/Translocation          3
   d - Petrify                        Transmutation/Earth          4
   e - Metabolic Englaciation         Hexes/Ice                    5
   f - Yara's Violent Unravelling     Hexes/Transmutation          5
Miscellaneous
 m - a plain deck of destruction
 y - an ornate deck of destruction {drawn: 7}
 A - an ornate deck of destruction
 G - a plain deck of escape {drawn: 6}
Comestibles
 d - 8 beef jerkies
 f - 3 bread rations
 n - 6 meat rations
 u - 8 fruits
 B - a royal jelly
 F - 4 chunks of flesh
 K - a slice of pizza


   Skills:
 + Level 6.9 Fighting
 - Level 5.8 Long Blades
   Level 0.4 Axes
   Level 1.0 Crossbows
 - Level 3.0 Armour
 - Level 6.3 Dodging
 - Level 1.0 Stealth
 - Level 1.0 Shields
 - Level 1.4 Unarmed Combat
 - Level 7.7 Spellcasting
 + Level 9.7 Conjurations
 - Level 3.3 Hexes
 - Level 8.4 Charms
 - Level 7.1 Invocations


You had 7 spell levels left.
You knew the following spells:

 Your Spells              Type           Power        Failure   Level  Hunger
a - Magic Dart            Conj           ####         1%          1    None
b - Searing Ray           Conj           #####.       1%          2    None
c - Iskenderun's Mystic   Conj           #####...     1%          4    ####...
d - Dazzling Spray        Conj/Hex       ####..       2%          3    ##.....
e - Iskenderun's Battles  Conj/Chrm      #####...     10%         5    #####..
f - Fulminant Prism       Conj/Hex       ####......   12%         4    ####...


Dungeon Overview and Level Annotations

Branches:
Dungeon (8/15)             Temple (0/1) D:5            Lair (6/6) D:8
  Swamp (0/4) Lair:3       Spider (0/4) Lair:4
  Slime: Lair:5-6

Altars:
Ashenzari
Cheibriados
Gozag
Hepliaklqana
Kikubaaqudgha
Nemelex Xobeh
Okawaru
Qazlal
Ru
Trog
Xom
Yredelemnul
Zin

Shops:
D:5 *![

Annotations:
D:7 exclusions: hill giant and hippogriff
Lair:1 exclusion: spiny frog


Innate Abilities, Weirdness & Mutations

You have a pair of small horns on your head.
You are partially covered in yellow scales. (AC +2)
Armour fits poorly on your strangely shaped body.
Your body sometimes deteriorates upon taking damage.
You are resistant to hostile enchantments. (MR+)


Message History

The eight-headed hydra bites you! x2
The eight-headed hydra bites you but does no damage.
The eight-headed hydra bites you! The eight-headed hydra bites you.
The eight-headed hydra bites you! x2
* * * LOW HITPOINT WARNING * * *
The eight-headed hydra bites you.
The eight-headed hydra barely misses you.
The eight-headed hydra bites you.
* * * LOW HITPOINT WARNING * * *
The eight-headed hydra bites you!
* * * LOW HITPOINT WARNING * * *
The eight-headed hydra bites you!
* * * LOW HITPOINT WARNING * * *
The eight-headed hydra bites you!
* * * LOW HITPOINT WARNING * * *
The eight-headed hydra bites you!
* * * LOW HITPOINT WARNING * * *
The eight-headed hydra bites you!
You die...
Your body glows with a rainbow of weird colours and disappears.

...........<...........##
...#..#......#...#.P..##
....##.###..#.#.#......##
........................#
....#.#..##.#.......P..##
.P...#.##.#......#.#..##
^......................#
.................#.....#
................@D....##
P.#..#......#.#....#...#
.####..###...#.#.#.#...#
.......................#
.P.P................P.##
.....................P##
......P....#.....##...P#
.......................#
.......................#


You could see an eight-headed hydra.

Vanquished Creatures
  3 hydras
  A salamander (Lair:2)
  2 black mambas
  6 spiny frogs
  5 komodo dragons
  A polar bear (Lair:4)
  A hornet (Lair:4)
  A two-headed ogre (D:8)
  7 blink frogs (Lair:2)
  5 hippogriffs
  2 dream sheep (Lair:5)
  A wyvern (Lair:2)
  A basilisk (Lair:5)
  12 yaks
  9 water moccasins
  5 porcupines
  4 orc warriors
  5 ogres
  A necrophage (D:7)
  9 wolves
  A centaur (D:7)
  7 crocodiles
  A big kobold (D:8)
  Blork the orc (D:5)
  9 bullfrogs
  A wyvern zombie (D:8)
  A wyvern skeleton (D:8)
  6 scorpions
  13 wights
  2 vampire bats (D:5)
  4 electric eels
  2 crimson imps
  2 bullfrog zombies
  A hound (D:7)
  A jelly (D:8)
  6 orc wizards
  2 orc priests
  A centaur skeleton (D:8)
  A gnoll shaman (D:7)
  2 iguanas
  6 worker ants
  A hound zombie (D:5)
  A howler monkey zombie (D:3)
  2 worker ant zombies (D:8)
  10 gnolls
  11 adders
  2 shadow imps
  2 oozes
  An adder skeleton (D:6)
  7 worms
  6 dart slugs
  2 leopard geckos (D:1)
  31 orcs
  3 ball pythons
  6 bats
  3 bat skeletons (D:5)
  2 bat zombies (D:5)
  7 giant cockroaches
  4 hobgoblins
  20 jackals
  9 kobolds
  4 quokkas
  A ball python skeleton (D:4)
  6 frilled lizards
  12 goblins
  3 leopard gecko skeletons
  A quokka zombie (D:8)
  7 rats
315 creatures vanquished.

Vanquished Creatures (others)
  3 fulminant prisms (Lair:3)
  9 fungi
  3 plants
15 creatures vanquished.

Grand Total: 330 creatures vanquished

Notes
Turn   | Place    | Note
-------+----------+-------------------------------------------
     0 | D:1      | Lochraine the Human Wanderer began the quest for the Orb.
     0 | D:1      | Lochraine set off with: a book of Conjurations, a +0 hand crossbow, 20 bolts, a +0 ring mail, a bread ration
     0 | D:1      | Reached XP level 1. HP: 15/15 MP: 2/2
     2 | D:1      | Learned a level 1 spell: Magic Dart
   112 | D:1      | Reached XP level 2. HP: 13/21 MP: 3/3
   626 | D:1      | Reached skill level 1 in Dodging
   774 | D:1      | Reached XP level 3. HP: 26/26 MP: 4/4
   899 | D:1      | Reached skill level 1 in Unarmed Combat
  1391 | D:2      | Reached XP level 4. HP: 27/32 MP: 5/5
  1418 | D:2      | Reached skill level 3 in Conjurations
  2017 | D:2      | Reached XP level 5. HP: 37/37 MP: 7/7
  2330 | D:2      | Found a faded altar of an unknown god.
  2330 | D:2      | Found a faded altar of an unknown god.
  2335 | D:2      | Found a basalt altar of Yredelemnul.
  2337 | D:2      | Found a faded altar of an unknown god.
  2338 | D:2      | Found a faded altar of an unknown god.
  2712 | D:3      | Learned a level 2 spell: Searing Ray
  2953 | D:3      | Found a glowing silver altar of Zin.
  2972 | D:3      | Found a bloodstained altar of Trog.
  3123 | D:3      | Reached skill level 4 in Conjurations
  3367 | D:3      | Reached XP level 6. HP: 27/43 MP: 9/9
  4060 | D:4      | Noticed an ogre
  4124 | D:4      | Killed an ogre
  4124 | D:4      | Reached skill level 5 in Conjurations
  4281 | D:4      | Reached XP level 7. HP: 48/48 MP: 11/11
  4458 | D:4      | Got a slimy leather armour
  4470 | D:4      | Identified the +4 leather armour of the Kettle-Drum {rN+++ Regen+ Int-2 Dex+2} (You found it on level 4 of the Dungeon)
  4785 | D:5      | Entered Level 5 of the Dungeon
  4785 | D:5      | Found Cul Uwisch's Antique Armour Shop.
  4788 | D:5      | Found a hazy altar of Hepliaklqana.
  4788 | D:5      | Found a stormy altar of Qazlal.
  4791 | D:5      | Found a sparkling altar of Nemelex Xobeh.
  4793 | D:5      | Found a sacrificial altar of Ru.
  4793 | D:5      | Found an opulent altar of Gozag.
  4794 | D:5      | Found a shimmering altar of Xom.
  4811 | D:5      | Reached skill level 6 in Conjurations
  4975 | D:5      | Became a worshipper of Nemelex Xobeh the Trickster
  5038 | D:5      | Received a gift from Nemelex Xobeh
  5072 | D:5      | Found a shattered altar of Ashenzari.
  5186 | D:5      | Reached XP level 8. HP: 54/54 MP: 13/13
  5326 | D:5      | Found a staircase to the Ecumenical Temple.
  5333 | D:5      | Found Bien Guo's Assorted Antiques.
  5388 | D:5      | Found an ancient bone altar of Kikubaaqudgha.
  5402 | D:5      | Reached skill level 1 in Invocations
  5438 | D:5      | Noticed Blork the orc
  5461 | D:5      | Killed Blork the orc
  5552 | D:5      | Found an iron altar of Okawaru.
  5586 | D:5      | Reached * piety under Nemelex Xobeh
  5588 | D:5      | Found Suof's Distillery.
  5591 | D:5      | Bought a potion of heal wounds for 50 gold pieces
  5591 | D:5      | Bought a potion of heal wounds for 50 gold pieces
  6149 | D:6      | Reached skill level 7 in Conjurations
  6624 | D:6      | Reached skill level 1 in Long Blades
  6632 | D:6      | Reached XP level 9. HP: 46/59 MP: 13/15
  7647 | D:7      | Learned a level 4 spell: Iskenderun's Mystic Blast
  7727 | D:5      | Bought the +0 Maxwell's etheric cage {RegenMP+ *Contam rElec MP+4} for 219 gold pieces
  7823 | D:7      | Reached skill level 5 in Spellcasting
  7960 | D:7      | Reached skill level 8 in Conjurations
  7972 | D:7      | Got a fine pewter ring
  7973 | D:7      | Identified the ring of Perfectionism {Fire rElec Str-2 Dex+8} (You found it on level 7 of the Dungeon)
  8033 | D:7      | Found a snail-covered altar of Cheibriados.
  8053 | D:7      | Noticed a hippogriff
  8489 | D:7      | Killed a hippogriff
  8497 | D:7      | Noticed a hill giant
  8544 | D:7      | Reached XP level 10. HP: 70/70 MP: 17/17
  8795 | D:8      | Learned a level 3 spell: Dazzling Spray
  8836 | D:8      | Reached skill level 9 in Conjurations
  8836 | D:8      | Reached skill level 1 in Hexes
  8885 | D:8      | Found a staircase to the Lair.
  8886 | D:8      | Noticed an elephant
  9234 | D:8      | Reached ** piety under Nemelex Xobeh
  9827 | D:8      | Learned a level 5 spell: Iskenderun's Battlesphere
  9999 | D:8      | Reached skill level 1 in Charms
 10051 | Lair:1   | Entered Level 1 of the Lair of Beasts
 10381 | Lair:1   | Noticed a komodo dragon
 10402 | Lair:1   | Killed a komodo dragon
 10513 | Lair:1   | Noticed a spiny frog
 10528 | Lair:1   | Killed a spiny frog
 10873 | Lair:1   | Received a gift from Nemelex Xobeh
 11012 | Lair:1   | Noticed a spiny frog
 11036 | Lair:1   | Noticed a komodo dragon
 11043 | Lair:1   | Killed a komodo dragon
 11116 | Lair:1   | Reached XP level 11. HP: 63/78 MP: 20/20
 11370 | Lair:2   | Noticed a four-headed hydra
 11387 | Lair:2   | Killed a four-headed hydra
 11387 | Lair:2   | Reached skill level 5 in Charms
 11387 | Lair:2   | Reached skill level 5 in Invocations
 11938 | Lair:2   | Gained mutation: You are partially covered in yellow scales. (AC +2) [potion of mutation]
 11938 | Lair:2   | Gained mutation: You have a pair of small horns on your head. [potion of mutation]
 11938 | Lair:2   | Gained mutation: You are resistant to hostile enchantments. (MR+) [potion of mutation]
 11957 | Lair:2   | Gained mutation: Your body sometimes deteriorates upon taking damage. [mutagenic glow]
 11966 | Lair:2   | Received a gift from Nemelex Xobeh
 12003 | Lair:2   | Gained mutation: Armour fits poorly on your strangely shaped body. [mutagenic glow]
 12039 | Lair:2   | Noticed a four-headed hydra
 12048 | Lair:2   | Killed a four-headed hydra
 12323 | Lair:1   | You fall through a shaft!
 12367 | Lair:2   | Noticed a salamander
 12367 | Lair:2   | a hippogriff changed into a salamander
 12656 | Lair:2   | Reached *** piety under Nemelex Xobeh
 13082 | Lair:3   | Learned a level 4 spell: Fulminant Prism
 13163 | Lair:3   | Received a gift from Nemelex Xobeh
 13353 | Lair:2   | Killed a salamander
 13359 | Lair:2   | Reached XP level 12. HP: 74/84 MP: 11/23
 13986 | Lair:3   | Found a staircase to the Swamp.
 14582 | Lair:4   | Found a hole to the Spider Nest.
 14605 | Lair:4   | Reached skill level 5 in Fighting
 14605 | Lair:4   | Reached skill level 5 in Dodging
 15242 | Lair:4   | Reached **** piety under Nemelex Xobeh
 15440 | Lair:3   | Noticed a seven-headed hydra
 15444 | Lair:3   | Killed a seven-headed hydra
 15444 | Lair:3   | Reached skill level 5 in Long Blades
 16774 | Lair:5   | Received a gift from Nemelex Xobeh
 17100 | Lair:6   | Entered Level 6 of the Lair of Beasts
 17100 | Lair:6   | Noticed a death yak
 17100 | Lair:6   | Noticed a death yak
 17112 | Lair:6   | Noticed a death yak
 17673 | Lair:6   | Noticed a death yak
 17849 | Lair:6   | Noticed a catoblepas
 17849 | Lair:6   | Noticed an eight-headed hydra
 17856 | Lair:5   | HP: 3/89 [eight-headed hydra (7)]
 17856 | Lair:5   | Slain by an eight-headed hydra

Skill      XL: |  1  2  3  4  5  6  7  8  9 10 11 12 |
---------------+-------------------------------------+-----
Dodging        | 1 2 3 4 6 |  6.3
Unarmed Combat | 1 |  1.4
Conjurations   | 3 4 5 6 7 8 9 |  9.7
Spellcasting   | 2 3 4 5 6 7 |  7.7
Invocations    | 2 4 7 |  7.1
Long Blades    | 1 3 5 |  5.8
Fighting       | 3 4 6 |  6.9
Hexes          | 3 |  3.3
Charms         | 4 8 |  8.4
Axes           | |  0.4
Crossbows      | |  1.0
Armour         | |  3.0
Stealth        | |  1.0
Shields        | |  1.0

Action                   |  1- 3 |  4- 6 |  7- 9 | 10-12 || total
-------------------------+-------+-------+-------+-------++-------
Melee: Unarmed           |    17 |       |       |       ||    17
       Hand axe          |    37 |   148 |    15 |       ||   200
       Falchion          |       |       |   205 |   164 ||   369
       Punch             |       |       |     1 |     2 ||     3
       Headbutt          |       |       |       |    51 ||    51
       Double sword      |       |       |       |   136 ||   136
 Fire: Hand crossbow     |    65 |    51 |    93 |       ||   209
 Cast: Magic Dart        |       |    78 |   125 |   232 ||   435
       Searing Ray       |       |     2 |    17 |    29 ||    48
       Iskenderun's Myst |       |       |       |    32 ||    32
       Dazzling Spray    |       |       |       |    37 ||    37
       Iskenderun's Batt |       |       |       |    14 ||    14
       Fulminant Prism   |       |       |       |     3 ||     3
Evoke: Wand              |       |       |     2 |     1 ||     3
       Deck              |       |       |       |    17 ||    17
  Use: Scroll            |       |     6 |     6 |    14 ||    26
       Potion            |       |       |     1 |     8 ||     9
 Stab: Sleeping          |       |     1 |       |     1 ||     2
       Invisible         |       |       |       |     9 ||     9
  Eat: Chunk             |     1 |    12 |    15 |    17 ||    45
       Bread ration      |       |       |       |     6 ||     6
Armor: Ring mail         |    58 |     6 |       |       ||    64
       Leather armour    |       |    48 |   108 |    29 ||   185
       Robe              |       |    19 |     5 |   112 ||   136
Dodge: Dodged            |    87 |   146 |   263 |   461 ||   957
       Rpst.: Falchion   |       |       |    57 |    69 ||   126
       Double sword      |       |       |       |    62 ||    62
